 Dungeon Crawl Stone Soup version 0.29.0-4-gdea44cf6ec (webtiles) character file.

Game seed: 13167031653291793124

89 qw the Chopper (level 4, 0/26 HPs)
             Began as a Tengu Warper on Aug 28, 2022.
             Slain by Terence
             ... wielding a +1 morningstar of protection
              (4 damage)
             ... on level 3 of the Dungeon.
             The game lasted 00:00:15 (2416 turns).

qw the Chopper (Tengu Warper)                       Turns: 2416, Time: 00:00:16

Health: 0/26       AC:  6    Str: 14    XL:     4   Next: 55%
Magic:  8/8        EV: 11    Int: 13    God:
Gold:   80         SH:  0    Dex: 13    Spells: 7/7 levels left

rFire   . . .      SeeInvis +   Y - +1 hand axe
rCold   . . .      Faith    .   (no shield)
rNeg    . . .      Spirit   .   h - +0 ring mail
rPois   .          Reflect  .   (helmet restricted)
rElec   .          Harm     .   (no cloak)
rCorr   .          Rampage  .   b - +0 pair of gloves
Will    +....                   (boots unavailable)
Stlth   +.........              (no amulet)
HPRegen 0.08/turn               d - ring of see invisible
MPRegen 0.11/turn               j - ring of willpower

@: about to teleport
A: beak, talons 3
a: no special abilities


You were on level 3 of the Dungeon.
You visited 1 branch of the dungeon, and saw 3 of its levels.

You collected 80 gold pieces.


Innate Abilities, Weirdness & Mutations

You have a beak for a mouth.
You have claws for feet.


   Skills:
 - Level 2.0 Fighting
 + Level 5.1 Axes
 - Level 1.0 Throwing
 - Level 1.1 Armour
 - Level 2.1 Dodging
 - Level 2.0 Spellcasting
 - Level 2.4 Translocations


You had 7 spell levels left.
You didn't know any spells.
Your spell library contained the following spells:

 Spells                   Type           Power      Damage    Failure   Level
 Blink                    Tloc           14%        N/A       30%         2
 Gell's Gravitas          Tloc           7%         N/A       52%         3
 Lesser Beckoning         Tloc           7%         N/A       52%         3
 Teleport Other           Tloc           7%         N/A       52%         3
 Manifold Assault         Tloc           7%         N/A       99%         5

Inventory:

Hand Weapons
 g - a +0 club
 Y - a +1 hand axe (weapon)
Missiles
 k - 2 boomerangs (quivered)
Armour
 b - a +0 pair of gloves (worn)
 h - a +0 ring mail (worn)
Jewellery
 d - a ring of see invisible (left hand)
 j - a ring of willpower (right hand)
Potions
 a - a potion of curing {unknown}
 c - a potion of degeneration {unknown}
 e - a potion of haste

Dungeon Overview and Level Annotations

Branches:
Dungeon (3/15)

Altars:

Annotations:
D:3 Terence


Message History

The boomerang barely misses the frilled lizard.
You hit Terence but do no damage. You claw Terence, but do no damage.
Terence hits you with a +1 morningstar of protection.
You hit Terence but do no damage. You peck Terence, but do no damage.
Terence closely misses you.
You hit Terence. You claw Terence.
Terence is moderately wounded.
Terence asks, "Do you want it fast or slow?"
Terence barely misses you.
You barely miss Terence. Your peck misses Terence.
Terence is moderately wounded.
Terence closely misses you.
You closely miss Terence. Your kick misses Terence.
Terence is moderately wounded.
Terence barely misses you.
You barely miss Terence. Your peck misses Terence.
Terence is moderately wounded.
Terence hits you with a +1 morningstar of protection!
You hit Terence but do no damage. You claw Terence, but do no damage.
Terence is moderately wounded.
Terence closely misses you.
You closely miss Terence. You claw Terence, but do no damage.
You peck Terence, but do no damage.
Terence is moderately wounded.
Terence hits you but does no damage.
You hit Terence. You claw Terence, but do no damage.
Terence is heavily wounded.
Terence shouts, "ATTACK!!!"
Terence hits you with a +1 morningstar of protection.
You barely miss Terence. You peck Terence, but do no damage.
Terence is heavily wounded.
Terence hits you with a +1 morningstar of protection!
You hit Terence. You claw Terence, but do no damage.
Terence is severely wounded.
Terence hits you with a +1 morningstar of protection.
2416 ||| READING scroll of teleportation.
As you read the scroll of teleportation, it crumbles to dust.
You feel strangely unstable.
Terence hits you with a +1 morningstar of protection.
You die...

..) ##.. #...
#..# ##..# .l.
#@# #@#
#######.########
>...........(...
.######.########
#.# #.# ####.#
#../.# #.##:#


You could see Terence and a frilled lizard.

Vanquished Creatures
  2 adders (D:2)
  A worm (D:2)
  3 dart slugs
  10 ball pythons
  8 endoplasms
  5 giant cockroaches (D:1)
  4 goblins
  5 hobgoblins
  5 kobolds
  3 quokkas
  6 bats
  3 frilled lizards
  A rat (D:1)
56 creatures vanquished.

Notes
Turn   | Place    | Note
-------+----------+-------------------------------------------
     0 | D:1      | qw the Tengu Warper began the quest for the Orb.
     0 | D:1      | Reached XP level 1. HP: 12/12 MP: 4/4
     0 | D:1      | 0 ||| qw: Version: 0.1-a-89-g26bdef1
     0 | D:1      | 0 ||| qw: Game counter: 1291
     0 | D:1      | 0 ||| qw: Always use a shield: true
     0 | D:1      | 0 ||| qw: God list: Okawaru
     0 | D:1      | 0 ||| qw: Allow faded altars: false
     0 | D:1      | 0 ||| qw: Do Orc after D:15 true
     0 | D:1      | 0 ||| qw: Do second Lair branch before Depths: true
     0 | D:1      | 0 ||| qw: Lair rune preference: random
     0 | D:1      | 0 ||| qw: Plans: Normal
     0 | D:1      | 0 ||| PLANNING D:1-11
   254 | D:1      | Reached skill level 3 in Axes
   254 | D:1      | Reached XP level 2. HP: 17/17 MP: 6/6
   705 | D:1      | Reached XP level 3. HP: 19/21 MP: 7/7
   923 | D:1      | 923 ||| Stepping ~*~*~tactically~*~*~ (stealth).
   929 | D:1      | 929 ||| Stepping ~*~*~tactically~*~*~ (stealth).
   931 | D:1      | 931 ||| Stepping ~*~*~tactically~*~*~ (stealth).
   934 | D:1      | 934 ||| Stepping ~*~*~tactically~*~*~ (stealth).
   936 | D:1      | 936 ||| Stepping ~*~*~tactically~*~*~ (stealth).
   943 | D:1      | 943 ||| Stepping ~*~*~tactically~*~*~ (stealth).
   959 | D:1      | Reached skill level 4 in Axes
  1136 | D:1      | 1136 ||| Stepping ~*~*~tactically~*~*~ (hiding).
  1155 | D:1      | 1155 ||| Stepping ~*~*~tactically~*~*~ (hiding).
  1170 | D:1      | 1170 ||| Stepping ~*~*~tactically~*~*~ (hiding).
  1308 | D:1      | Found a faded altar of an unknown god.
  1481 | D:1      | 1481 ||| UPGRADING to +0 ring mail.
  1491 | D:1      | 1491 ||| DROPPING +0 leather armour.
  1492 | D:1      | 1492 ||| READING scroll labelled BUEKHL YJ IBU.
  1493 | D:1      | 1493 ||| READING scroll labelled CESELO JIRAQENYPP.
  1498 | D:1      | 1498 ||| READING scroll labelled DUEWECV SYSESK.
  1499 | D:1      | 1499 ||| READING scroll labelled OKLIRCHEFESU.
  1500 | D:1      | 1500 ||| DRINKING 2 orange potions.
  1501 | D:1      | 1501 ||| DROPPING scroll of blinking.
  1535 | D:2      | 1535 ||| Stepping ~*~*~tactically~*~*~ (stealth).
  1539 | D:2      | 1539 ||| Stepping ~*~*~tactically~*~*~ (stealth).
  1555 | D:2      | 1555 ||| Stepping ~*~*~tactically~*~*~ (stealth).
  1558 | D:2      | 1558 ||| Stepping ~*~*~tactically~*~*~ (stealth).
  1559 | D:2      | 1559 ||| Stepping ~*~*~tactically~*~*~ (stealth).
  1562 | D:2      | 1562 ||| Stepping ~*~*~tactically~*~*~ (stealth).
  1568 | D:2      | Reached XP level 4. HP: 25/26 MP: 8/8
  1907 | D:2      | Reached skill level 5 in Axes
  2293 | D:2      | 2293 ||| UPGRADING to +0 pair of gloves.
  2298 | D:2      | 2298 ||| UPGRADING to ring of see invisible.
  2299 | D:2      | 2299 ||| UPGRADING to ring of willpower.
  2300 | D:2      | 2300 ||| READING scroll labelled CEUFOPS YGEBB.
  2400 | D:3      | Noticed Terence
  2415 | D:3      | HP: 4/26 [Terence/+1 morningstar of protection (5)]
  2416 | D:3      | 2416 ||| READING scroll of teleportation.
  2416 | D:3      | Slain by Terence

Levels and vault maps discovered:
D:1:      psy_arrival_radial01, layout_loops_ring,
          hellmonk_ecumenical_altar_defaced_shrine
D:2:      layout_rooms
D:3:      layout_basic, saegor_snake_ambush, uniq_terence

Skill      XL: |  1  2  3  4 |
---------------+-------------+-----
Axes           | 3 4 5 |  5.1
Fighting       | |  2.0
Throwing       | |  1.0
Armour         | |  1.1
Dodging        | |  2.1
Spellcasting   | |  2.0
Translocations | |  2.4

Action                   |  1- 3 |  4- 6 || total
-------------------------+-------+-------++-------
Melee: Hand axe          |    80 |    59 ||   139
       Kick              |    18 |    12 ||    30
       Peck              |     7 |    10 ||    17
       Punch             |     1 |       ||     1
Throw: Boomerang         |     7 |     9 ||    16
  Use: Scroll            |     4 |     2 ||     6
       Potion            |     1 |       ||     1
Armor: Leather armour    |    23 |       ||    23
       Ring mail         |     1 |    19 ||    20
Dodge: Dodged            |    46 |    25 ||    71

Table legend:
 A = Non-vault XP
 B = Vault XP
 C = Vault XP percentage of total XP
 D = Non-vault monster count
 E = Vault monster count
 F = Vault count percentage of total count
                 A         B        C        D         E       F
            +---------+---------+-------+---------+---------+-------
      Total |     117 |      11 |   8.6 |      52 |       4 |   7.1
            +---------+---------+-------+---------+---------+-------
        D:1 |      53 |      11 |  17.2 |      31 |       4 |  11.4
        D:2 |      58 |       0 |   0.0 |      17 |       0 |   0.0
        D:3 |       6 |       0 |   0.0 |       4 |       0 |   0.0
            +---------+---------+-------+---------+---------+-------
